 Dungeon Crawl Stone Soup version 0.28.0-62-gf88900778d (webtiles) character file.

Game seed: 1571206919640347824

64 cbfl8 the Skirmisher (level 3, -2/28 (29) HPs)
             Began as a Demonspawn Fighter on July 5, 2023.
             Slain by a wight
             ... wielding a +2 halberd
              (9 damage)
             ... on level 3 of the Dungeon.
             The game lasted 00:02:14 (2645 turns).

cbfl8 the Skirmisher (Demonspawn Fighter)           Turns: 2645, Time: 00:02:14

HP:   -2/28 (29)    AC:  7    Str: 16    XL:     3   Next: 91%
MP:   4/4           EV:  9    Int:  9    God:
Gold: 117           SH:  5    Dex: 20    Spells: 2/2 levels left

rFire   . . .      SeeInvis .   a - +0 war axe
rCold   + . .      Faith    .   c - +0 buckler
rNeg    . . .      Spirit   .   b - +0 scale mail
rPois   .          Reflect  .   i - +0 helmet
rElec   .          Harm     .   (no cloak)
rCorr   .          Rampage  .   (no gloves)
Will    .....                   (no boots)
Stlth   ..........              (no amulet)
HPRegen 0.09/turn               k - +6 ring of dexterity
MPRegen 0.09/turn               m - ring of protection from cold

@: mighty, lightly drained
A: demonic touch 1
a: no special abilities


You were on level 3 of the Dungeon.
You visited 1 branch of the dungeon, and saw 3 of its levels.

You collected 117 gold pieces.

Inventory:

Hand Weapons
 a - a +0 war axe (weapon)
Armour
 b - a +0 scale mail (worn)
 c - a +0 buckler (worn)
 i - a +0 helmet (worn)
Jewellery
 k - a +6 ring of dexterity (left hand)
 m - a ring of protection from cold (right hand)
Scrolls
 e - a scroll of identify {unknown}
 h - a scroll of enchant armour {unknown}
 n - a scroll of holy word {unknown}
Potions
 d - a potion of might
 f - 2 potions of invisibility
 g - 2 potions of lignification {unknown}
 j - a potion of curing {unknown}
 l - a potion of magic {unknown}
 o - a potion of attraction {unknown}


   Skills:
 + Level 3.1 Fighting
 + Level 2.2 Axes
 * Level 1.0 Throwing
 + Level 3.0 Armour
 + Level 0.2 Dodging
 + Level 2.9 Shields
 * Level 1.4 Invocations
 * Level 1.3 Evocations


You had 2 spell levels left.
You didn't know any spells.
Your spell library contained the following spells:

 Spells                   Type           Power      Damage    Failure   Level
 Blink                    Tloc           0%         N/A       96%         2
 Manifold Assault         Tloc           0%         N/A       100%        5
 Storm Form               Tmut/Air       0%         N/A       100%        7


Dungeon Overview and Level Annotations

Branches:
Dungeon (3/15)

Altars:

Shops:
D:1 (


Innate Abilities, Weirdness & Mutations

Your touch may inflict minor irresistible damage on your foes.


Message History

The ball python hisses angrily.
The ball python barely misses you. The ball python grabs you.
The ball python constricts you.
Found a dagger.
There is a stone staircase leading up here.
You slash the ball python!
You kill the ball python!
Found a stone staircase leading down.
Found 21 stones.
g - 2 sedimented inky potions (gained 1)
You see here 21 stones.
A hobgoblin comes into view.
The hobgoblin shouts!
A hobgoblin is nearby!
A wight comes into view. It is wielding a +2 halberd.
You block the hobgoblin's attack.
You hit the hobgoblin.
The hobgoblin is almost dead.
The hobgoblin hits you but does no damage. x2
You barely miss the hobgoblin.
The hobgoblin is almost dead.
The hobgoblin misses you.
You slash the hobgoblin!
You kill the hobgoblin!
The wight hits you from afar with a +2 halberd!
You block the wight's attack.
You feel very mighty all of a sudden. You block the wight's attack.
The wight hits you with a +2 halberd!
You see here a hobgoblin corpse.
You slash the wight!
The wight is severely damaged.
The wight hits you with a +2 halberd.
* * * LOW HITPOINT WARNING * * *
You feel drained.
* * * LOW HITPOINT WARNING * * *
You closely miss the wight.
The wight is severely damaged.
You block the wight's attack. The wight hits you with a +2 halberd!
You die...

####.##..⌠###...###.###........
.........##..........>#........
#####.#..####...###.#.###8###8#
# #....## #.......#...### # #
##...8# #...######### # #...##
#..........# # ##..#
#.##...###. # #..## #.#8...8#
##### #..8# #.##@..## ....#
#..## #. #z..# ....# #...#
#...# ....# ##..# 8...8#
....####### #...##
....'...#8###8##...#
....###............. ....#
#..........⌠... #####
#...........


You could see a wight.

Vanquished Creatures
  2 adders (D:2)
  A dart slug (D:3)
  6 endoplasms
  A giant cockroach (D:1)
  2 goblins (D:1)
  4 hobgoblins
  2 jackals (D:1)
  5 quokkas
  6 ball pythons
  5 bats
  3 frilled lizards
  3 kobolds
  A rat (D:1)
41 creatures vanquished.

Notes
Turn   | Place    | Note
-------+----------+-------------------------------------------
     0 | D:1      | cbfl8 the Demonspawn Fighter began the quest for the Orb.
     0 | D:1      | Reached XP level 1. HP: 18/18 MP: 1/1
   279 | D:1      | Gained mutation: Your touch may inflict minor irresistible
                  | damage on your foes. [demonic ancestry]
   279 | D:1      | Reached XP level 2. HP: 22/24 MP: 2/2
   612 | D:1      | Found Husayvos's Antique Weapon Emporium.
  1102 | D:2      | Reached skill level 1 in Evocations
  1220 | D:2      | Reached skill level 1 in Invocations
  1220 | D:2      | Reached XP level 3. HP: 20/29 MP: 3/3
  1675 | D:2      | Found a faded altar of an unknown god.
  2150 | D:3      | Reached skill level 1 in Throwing
  2645 | D:3      | Slain by a wight

Illustrated notes

Levels and vault maps discovered:
D:1:      dpeg_arrival_lava_temple_mockup, layout_basic, serial_shops,
          nicolae_shop_stone
D:2:      layout_basic, shapermc_ecumenical_altar_pompeii,
          minmay_split_cup_large
D:3:      layout_basic, serial_corexii_hall, corexii_hall_statues_i,
          chequers_hall_statues_wall_a, corexii_hall_statues_l,
          corexii_hall_statues_x

Skill      XL: |  1  2  3 |
---------------+----------+-----
Evocations     | 1 |  1.3
Axes           | 2 |  2.2
Invocations    | 1 |  1.4
Armour         | 3 |  3.0
Throwing       | 1 |  1.0
Fighting       | |  3.1
Dodging        | |  0.2
Shields        | |  2.9

Action                   || total
-------------------------++-------
Melee: War axe           ||   112
  Use: Potion            ||     4
Armor: Scale mail        ||    59
Dodge: Dodged            ||    72
Block: Buckler           ||    38
